 Dungeon Crawl Stone Soup version 0.19.1-1-g22dce08 (webtiles) character file.

5389 galech the Protected (level 10, -12/98 HPs)
             Began as a Deep Dwarf Fighter on Dec 28, 2016.
             Was a Priest of Makhleb.
             Mangled by Rupert
             ... wielding a +1 battleaxe of electrocution
              (27 damage)
             ... on level 1 of the Orcish Mines.
             The game lasted 00:27:56 (7646 turns).

galech the Protected (Deep Dwarf Fighter)           Turns: 7646, Time: 00:27:57

Health: -12/98     AC: 20    Str: 21    XL:     10   Next: 39%
Magic:  6/6        EV:  2    Int:  8    God:    Makhleb [***...]
Gold:   760        SH: 14    Dex: 15    Spells: 0 memorised, 9 levels left

rFire  . . .     SeeInvis .     a - +0 war axe
rCold  . . .     Gourm    .     z - +1 plate armour
rNeg   . . .     Faith    +     A - +0 large shield
rPois  .         Spirit   .     O - +2 helmet
rElec  .         Reflect  .     w - +0 cloak
rCorr  .         Harm     .     (no gloves)
MR     +....                    (no boots)
Stlth  ..........               D - amulet of faith
                                (no ring)
                                v - +2 ring of slaying

@: non-regenerating
A: damage resistance, recharge devices, sense surroundings 2, slow regeneration
3
a: Device Recharging, Minor Destruction, Lesser Servant of Makhleb, Renounce
Religion


You were on level 1 of the Orcish Mines.
You worshipped Makhleb.
Makhleb was most pleased with you.
You were hungry.

You visited 3 branches of the dungeon, and saw 12 of its levels.
You also visited: Ossuary.

You collected 760 gold pieces.

Inventory:

Hand Weapons
 a - a +0 war axe (weapon)
 y - a +0 battleaxe
Armour
 w - a +0 cloak (worn)
 z - a +1 plate armour (worn)
 A - a +0 large shield (worn)
 O - a +2 helmet (worn)
Magical Staves
 k - a cursed staff of summoning {unknown}
Jewellery
 v - a +2 ring of slaying (left hand)
 x - an uncursed ring of teleportation
 D - an amulet of faith (around neck)
Wands
 e - a wand of heal wounds (0/9)
 K - a wand of random effects (28/48)
 T - a wand of paralysis (13/24)
 U - a wand of enslavement (16/24)
 V - a wand of paralysis (10/24)
Scrolls
 h - 2 scrolls of noise {unknown}
 j - 4 scrolls of immolation
 m - 3 scrolls of enchant armour
 n - 4 scrolls of recharging {unknown}
 p - 2 scrolls of random uselessness
 q - 6 scrolls of remove curse
 r - a scroll of magic mapping {unknown}
 s - 4 scrolls of amnesia
 t - 2 scrolls of teleportation
 E - a scroll of fear {unknown}
 F - 2 scrolls of blinking {unknown}
 G - a scroll of fog {unknown}
 I - 2 scrolls of enchant weapon {unknown}
 N - 2 scrolls of identify
Potions
 b - a potion of degeneration {unknown}
 c - 4 potions of haste {unknown}
 d - 4 potions of might
 g - a potion of ambrosia {unknown}
 l - 5 potions of curing
 o - a potion of heal wounds {unknown}
 B - 2 potions of agility
 C - 2 potions of invisibility
 H - a potion of lignification {unknown}
 J - 2 potions of brilliance {unknown}
 P - a potion of mutation {unknown}
Books
 Q - a book of Changes

   Spells                             Type                      Level
   a - Beastly Appendage              Transmutation                1
   b - Sticks to Snakes               Transmutation                2
   c - Spider Form                    Transmutation/Poison         3
   d - Ice Form                       Ice/Transmutation            4
   e - Blade Hands                    Transmutation                5
 R - a book of Battle

   Spells                             Type                      Level
   a - Infusion                       Charms                       1
   b - Shroud of Golubria             Charms/Translocation         2
   c - Song of Slaying                Charms                       2
   d - Spectral Weapon                Hexes/Charms                 3
   e - Regeneration                   Charms/Necromancy            3
Comestibles
 f - 2 bread rations
 i - 6 meat rations
 u - a fruit
 L - 2 slices of pizza
 M - 3 beef jerkies
 S - 6 chunks of flesh


   Skills:
 + Level 8.8 Fighting
 + Level 10.0 Axes
 + Level 10.2 Armour
 - Level 3.2 Shields


You had 9 spell levels left.
You didn't know any spells.

Dungeon Overview and Level Annotations

Branches:
Dungeon (9/15)             Temple (1/1) D:6             Orc (2/2) D:9
   Lair: D:8-11         Elf: Orc:2

Altars:
Ashenzari
Dithmenos
Elyvilon
Fedhas
Gozag
Makhleb
Nemelex Xobeh
Ru
Sif Muna
Trog
Xom
Yredelemnul

Annotations:
D:5 Blork the orc
Orc:1 Rupert


Innate Abilities, Weirdness & Mutations

You are resistant to damage.
You can recharge devices by infusing magical energy.
You passively map the area around you.
You do not regenerate.


Message History

You block the orc warrior's attack. You block the orc's attack.
As you read the scroll of teleportation, it crumbles to dust.
You feel strangely unstable. Something hits you!
The orc warrior hits you with an enchanted war axe!
* * * LOW HITPOINT WARNING * * *
You block the orc's attack. You block the orc warrior's attack.
The orc hits you but does no damage. Something hits you but does no damage.
Your surroundings seem slightly different.
You hear a shout!
You hear a shout!
Something hits you!
* * * LOW HITPOINT WARNING * * *
You are feeling hungry.
You block the orc warrior's attack.
You hear a shout!
The orc warrior hits you with an enchanted war axe!
* * * LOW HITPOINT WARNING * * *
Something hits you!!
You die...

##.........##
#..........#
##.#.).....##
##...†......#
#....).....## *
##..#......##
##..[)).....## ,
#...[.)<>....## *
#.....[@o.....# *,
##..#...o....##
#......[.#...# ###
##...........###.## **
###........#.#...#
##.............#.## ,
#.................##*
##.................##
#.....#....##......#**


You could see an orc warrior and an orc.

Vanquished Creatures
  A hornet (D:8)
  A two-headed ogre (D:9)
  Grinder (D:6)
  A hippogriff (D:6)
  Edmund (D:4)
  Duvessa (D:4)
  A water moccasin (D:7)
  6 ice beasts
  4 orc warriors
  5 ogres
  A phantom (D:4)
  7 centaurs
  A bullfrog (D:7)
  A big kobold (D:9)
  A gnoll sergeant (D:7)
  Dowan (D:4)
  A water moccasin zombie (Ossuary)
  2 scorpions
  6 bullfrog zombies (Ossuary)
  2 crimson imps
  5 centaur zombies
  8 orc wizards
  A jelly (D:5)
  A centaur skeleton (D:7)
  4 orc priests
  Ijyb (D:2)
  4 hounds
  A bullfrog skeleton (D:6)
  2 iguanas
  6 worker ants
  A killer bee zombie (Ossuary)
  2 hound zombies
  A hound skeleton (D:8)
  15 mummies (Ossuary)
  3 worker ant zombies (Ossuary)
  7 adders
  12 gnolls
  A shadow imp (D:7)
  3 oozes
  2 adder zombies
  2 adder skeletons
  5 worms
  2 leopard geckos (D:2)
  31 orcs
  10 bats
  7 giant cockroaches
  7 goblins
  9 hobgoblins
  9 jackals
  2 quokkas
  A ball python (D:3)
  2 frilled lizards (D:2)
  2 giant cockroach zombies (Ossuary)
  9 kobolds
  2 leopard gecko zombies (Ossuary)
  A quokka skeleton (D:7)
  A quokka zombie (D:5)
  8 rats
  A withered plant (Ossuary)
236 creatures vanquished.

Vanquished Creatures (others)
  A withered plant (Ossuary)
1 creature vanquished.

Grand Total: 237 creatures vanquished

Notes
Turn   | Place    | Note
-------+----------+-------------------------------------------
     0 | D:1      | galech the Deep Dwarf Fighter began the quest for the Orb.
     0 | D:1      | Reached XP level 1. HP: 20/20 MP: 1/1
   182 | D:1      | Reached XP level 2. HP: 27/27 MP: 2/2
   554 | D:2      | Reached XP level 3. HP: 27/34 MP: 3/3
  1193 | D:2      | Reached XP level 4. HP: 19/42 MP: 4/4
  1226 | D:2      | Noticed Ijyb
  1254 | D:2      | Killed Ijyb
  1456 | D:2      | Found a sacrificial altar of Ru.
  1979 | D:3      | Reached XP level 5. HP: 24/50 MP: 5/5
  2156 | D:4      | Found a sand-covered staircase.
  2182 | Ossuary  | Entered an ossuary
  2201 | Ossuary  | Reached XP level 6. HP: 41/57 MP: 6/6
  2211 | Ossuary  | Reached skill level 5 in Armour
  2245 | Ossuary  | Reached skill level 5 in Axes
  2254 | Ossuary  | Reached XP level 7. HP: 53/66 MP: 7/7
  2316 | Ossuary  | Reached skill level 5 in Fighting
  2594 | D:4      | Noticed Edmund
  2607 | D:4      | Killed Edmund
  2679 | D:4      | Reached XP level 8. HP: 69/76 MP: 7/7
  2798 | D:4      | Noticed Duvessa
  2798 | D:4      | Noticed Dowan
  2808 | D:4      | Killed Duvessa
  2821 | D:4      | Killed Dowan
  2978 | D:5      | Entered Level 5 of the Dungeon
  3494 | D:5      | Noticed Blork the orc
  3623 | D:5      | Found a deep blue altar of Sif Muna.
  4568 | D:6      | Noticed Grinder
  4573 | D:6      | Killed Grinder
  4573 | D:6      | Gained mutation: You passively map the area around you. [Deep Dwarf growth]
  4573 | D:6      | Reached XP level 9. HP: 54/85 MP: 8/8
  4604 | D:6      | Found a staircase to the Ecumenical Temple.
  4776 | Temple   | Entered the Ecumenical Temple
  4797 | Temple   | Became a worshipper of Makhleb the Destroyer
  5346 | D:6      | Found a sparkling altar of Nemelex Xobeh.
  5702 | D:7      | Reached * piety under Makhleb
  6250 | D:8      | Paralysed by a hornet for 2 turns
  6289 | D:8      | Found a shattered altar of Ashenzari.
  6379 | D:8      | Found a white marble altar of Elyvilon.
  6941 | D:8      | Found a basalt altar of Yredelemnul.
  7040 | D:8      | Reached XP level 10. HP: 66/96 MP: 7/7
  7040 | D:8      | Reached ** piety under Makhleb
  7150 | D:9      | Reached skill level 10 in Armour
  7394 | D:9      | Found a staircase to the Orcish Mines.
  7404 | Orc:1    | Entered Level 1 of the Orcish Mines
  7409 | Orc:1    | Reached *** piety under Makhleb
  7482 | D:9      | Reached skill level 10 in Axes
  7617 | Orc:2    | Entered Level 2 of the Orcish Mines
  7617 | Orc:2    | Noticed Rupert
  7628 | Orc:2    | Noticed an ettin
  7646 | Orc:1    | Mangled by Rupert

Skill      XL: |  1  2  3  4  5  6  7  8  9 10 |
---------------+-------------------------------+-----
Fighting       | 3 4 5 6 8 |  8.8
Axes           | 3 4 5 6 7 9 10 | 10.0
Armour         | 4 5 6 8 9 10 | 10.2
Shields        | |  3.2

Action                   |  1- 3 |  4- 6 |  7- 9 | 10-12 || total
-------------------------+-------+-------+-------+-------++-------
Melee: War axe           |   139 |   147 |   454 |   179 ||   919
       Battleaxe         |       |    45 |       |       ||    45
 Abil: Device Recharging |       |       |     3 |     1 ||     4
Evoke: Wand              |       |     4 |    12 |     5 ||    21
  Use: Scroll            |       |     1 |     7 |     1 ||     9
       Potion            |       |       |     2 |       ||     2
  Eat: Chunk             |     1 |     4 |    13 |     2 ||    20
       Fruit             |       |       |     4 |       ||     4
Armor: Scale mail        |    79 |    33 |       |       ||   112
       Plate armour      |       |   103 |   334 |    88 ||   525
Dodge: Dodged            |    47 |    31 |    32 |    19 ||   129
Block: Shield            |    86 |    23 |       |       ||   109
       Large shield      |       |    61 |   411 |   140 ||   612
